AoeStats
← eddieredbull

Lombardia

507897121Analyzed
3v3 RM · 12d ago on Sep 20, 2026· 71m 20s· 6 players
Game mode
Random Map
Map size
Normal (6 player)
Population
200
Speed
Normal
Resources
Standard
Victory
Conquest
Starting age
Dark Age
Ending age
Imperial Age
RankedLock teamsTeams togetherTeam positionsShared explorationLock speedFull tech treeHidden civsTurbo modeCheats
Victory
Defeat
🇺🇸 Teutons · United States
855
+8
🇺🇸 Spanish · United States
584
+19
🇺🇸 Chinese · United States
542
+20
🇺🇸 Mongols · United States
667
-16
🇺🇸 Maya · United States
656
-16
🇺🇸 Franks · United States
642
-15
eddieredbull
11:10 Loom
15:25 Feudal Age
16:04 Horse Collar
16:18 Stone Mining
16:20 Gold Mining
16:28 Double-Bit Axe
17:58 Wheelbarrow
22:43 Padded Archer Armor
28:14 Castle Age
26:11 Fletching
26:23 Scale Mail Armor
26:33 Forging
29:05 Squires
28:28 Crossbowman
29:15 Thumb Ring
30:14 Bodkin Arrow
30:34 Leather Archer Armor
30:36 Chain Mail Armor
31:15 Iron Casting
30:50 Eagle Warrior
34:15 Ballistics
35:25 Fortified Wall
38:57 Elite Skirmisher
43:32 Hul'che Javelineers
44:48 Treadmill Crane
45:19 Fortified Wall
49:14 Imperial Age
51:20 Chemistry
55:04 Murder Holes
bryan3020505
3:10 Loom
14:16 Feudal Age
18:50 Town Watch
23:14 Castle Age
22:32 Stone Mining
25:55 Husbandry
38:13 Scale Barding Armor
38:21 Forging
38:54 Caravan
39:26 Scale Barding Armor
39:33 Scale Barding Armor
40:15 Double-Bit Axe
40:27 Gold Mining
46:10 Gold Shaft Mining
47:20 Wheelbarrow
48:13 Bow Saw
50:18 Town Patrol
59:10 Imperial Age
59:17 Cavalier
61:25 Hoardings
60:49 Paladin
63:13 Chain Barding Armor
63:32 Iron Casting
70:41 Coinage
Deathgodxz
3:39 Loom
10:44 Feudal Age
11:43 Double-Bit Axe
11:40 Horse Collar
14:11 Wheelbarrow
22:39 Padded Archer Armor
22:29 Fletching
30:31 Castle Age
32:50 Caravan
34:43 Bloodlines
34:33 Husbandry
34:54 Leather Archer Armor
36:16 Bow Saw
36:09 Heavy Plow
37:04 Thumb Ring
44:12 Bodkin Arrow
46:04 Ballistics
46:59 Hand Cart
54:48 Imperial Age
57:09 Bracer
58:49 Elite Mangudai
61:16 Chemistry
60:13 Murder Holes
61:51 Parthian Tactics
67:00 Scale Barding Armor
66:57 Scale Mail Armor
rynet20
12:41 Feudal Age
14:20 Horse Collar
17:51 Gold Mining
17:58 Double-Bit Axe
23:36 Castle Age
22:11 Scale Mail Armor
22:53 Arson
22:28 Man-at-Arms
24:33 Wheelbarrow
23:45 Town Watch
24:17 Forging
27:39 Heavy Plow
27:52 Bow Saw
28:19 Gold Shaft Mining
28:41 Hand Cart
29:38 Town Patrol
29:34 Stone Mining
30:19 Squires
35:19 Imperial Age
33:15 Long Swordsman
34:54 Chain Mail Armor
35:16 Iron Casting
36:07 Murder Holes
36:03 Guard Tower
37:50 Two-Handed Swordsman
39:49 Champion
42:07 Plate Mail Armor
42:40 Blast Furnace
42:35 Stone Shaft Mining
43:04 Two-Man Saw
49:32 Heavy Cavalry Archer
52:34 Arrowslits
53:25 Keep
53:00 Fortified Wall
53:01 Masonry
54:13 Elite Fire Lancer
54:24 Crossbowman
55:36 Caravan
55:12 Arbalester
57:55 Architecture
57:46 Ballistics
58:26 Chemistry
57:17 Heated Shot
59:03 Thumb Ring
58:21 Elite Skirmisher
60:41 Fervor
62:29 Padded Archer Armor
62:20 Fletching
62:36 Scale Barding Armor
62:54 Bombard Tower
64:25 Bodkin Arrow
64:46 Leather Archer Armor
64:51 Chain Barding Armor
65:09 Heavy Rocket Cart
67:56 Ring Archer Armor
69:04 Coinage
70:20 Banking
70:03 Bracer
70:39 Plate Barding Armor
SirThighArmour
3:23 Loom
12:30 Feudal Age
12:57 Man-at-Arms
13:24 Arson
15:53 Town Watch
16:22 Scale Mail Armor
17:10 Wheelbarrow
16:38 Double-Bit Axe
16:36 Horse Collar
18:15 Forging
28:52 Bloodlines
31:03 Castle Age
31:02 Scale Barding Armor
32:23 Iron Casting
32:04 Chain Mail Armor
33:04 Hand Cart
32:50 Town Patrol
33:43 Squires
33:29 Gambesons
33:05 Long Swordsman
33:45 Pikeman
37:40 Heavy Plow
37:44 Gold Mining
43:15 Chain Barding Armor
45:38 Ironclad
48:34 Imperial Age
50:04 Plate Mail Armor
50:40 Blast Furnace
49:20 Two-Handed Swordsman
50:57 Champion
52:13 Conscription
52:33 Elite Teutonic Knight
53:35 Caravan
54:05 Stone Mining
54:37 Bow Saw
55:18 Crop Rotation
55:46 Halberdier
57:12 Stone Shaft Mining
64:14 Crenellations
65:41 Chemistry
64:53 Fortified Wall
67:27 Hoardings
66:27 Sappers
TurntTaco69
13:16 Feudal Age
14:03 Double-Bit Axe
14:02 Horse Collar
14:44 Arson
14:20 Man-at-Arms
17:16 Gold Mining
17:17 Stone Mining
22:06 Scale Mail Armor
22:17 Forging
26:17 Castle Age
27:55 Squires
27:44 Gambesons
29:17 Heavy Plow
29:30 Bow Saw
29:18 Long Swordsman
32:03 Scale Barding Armor
32:20 Chain Mail Armor
32:42 Iron Casting
35:41 Pikeman
50:21 Imperial Age
50:29 Two-Handed Swordsman
52:02 Plate Mail Armor
52:33 Blast Furnace
52:01 Champion
55:42 Two-Man Saw
69:52 Caravan
Connection lost

Rejoining the realm…

Still unreachable

The connection could not be restored.

Session expired

The server has moved on; the page needs a fresh start.